 Dungeon Crawl Stone Soup version 0.20-a0-923-g548304e (webtiles) character file.

17 aspa the Magician (level 2, 0/17 HPs)
             Began as an Octopode Wizard on Mar 26, 2017.
             Slain by a leopard gecko (4 damage)
             ... on level 1 of the Dungeon.
             The game lasted 00:01:26 (428 turns).

aspa the Magician (Octopode Wizard)                  Turns: 428, Time: 00:01:27

Health: 0/17       AC:  1    Str:  6    XL:     2   Next: 62%
Magic:  3/6        EV: 13    Int: 20    God:
Gold:   25         SH:  0    Dex: 10    Spells: 5/8 levels left

rFire    . . .     SeeInvis .   (no weapon)
rCold    . . .     Gourm    .   (no shield)
rNeg     . . .     Faith    .   a - +0 hat
rPois    .         Spirit   .   (no amulet)
rElec    .         Reflect  .   (no ring)
rCorr    .         Harm     .   (no ring)
MR       .....                  (no ring)
Stlth    +++.......             (no ring)
Regen    0.1/turn               (no ring)
MPRegen  0.1/turn               (no ring)
                                (no ring)
                                (no ring)

@: very slightly contaminated
A: almost no armour, stealthy swim, amphibious, 8 rings, constrict 8, camouflage
1, gelatinous body 1
a: no special abilities


You were on level 1 of the Dungeon.
You were not hungry.

You visited 1 branch of the dungeon, and saw 2 of its levels.

You collected 25 gold pieces.

Inventory:

Hand Weapons
 e - a cursed -2 hunting sling
Armour
 a - a +0 hat (worn)
Scrolls
 d - a scroll of enchant weapon {unknown}
 h - 2 scrolls of remove curse {unknown}
Potions
 f - a potion of flight {unknown}
Books
 b - a book of Minor Magic

   Spells                             Type                      Level
   a - Magic Dart                     Conjuration                  1
   b - Blink                          Translocation                2
   c - Call Imp                       Summoning                    2
   d - Slow                           Hexes                        2
   e - Conjure Flame                  Conjuration/Fire             3
   f - Mephitic Cloud                 Conjuration/Poison/Air       3
Comestibles
 c - a bread ration
 g - 6 chunks of flesh
 i - 3 fruits


   Skills:
 - Level 2.0 Dodging
 - Level 2.6 Stealth
 + Level 3.6 Spellcasting
 * Level 1.3 Conjurations
 - Level 1.0 Summonings
   Level 1.0 Translocations


You had 5 spell levels left.
You knew the following spells:

 Your Spells              Type           Power        Failure   Level  Hunger
a - Magic Dart            Conj           #...         10%         1    None
b - Call Imp              Summ           #.......     17%         2    ##.....


Dungeon Overview and Level Annotations

Branches:
Dungeon (2/15)

Altars:


Innate Abilities, Weirdness & Mutations

You cannot wear most types of armour.
You are very stealthy in the water. (Stealth+)
You are amphibious.
You can wear up to eight rings at the same time.
You can use your tentacles to constrict eight enemies at once.
Your skin changes colour to match your surroundings (Stealth+).
Your rubbery body absorbs attacks. (AC +1, EV +1)


Message History

g - 6 chunks of flesh (gained 1)
You see here a rat skeleton.
A leopard gecko comes into view.
There is a stone staircase leading down here.
The leopard gecko hisses angrily.
The leopard gecko bites you.
* * * LOW HITPOINT WARNING * * *
You tentacle-slap the leopard gecko. Your grab misses the leopard gecko.
The leopard gecko is moderately wounded.
The leopard gecko misses you.
You barely miss the leopard gecko. Your grab misses the leopard gecko.
Your squeeze misses the leopard gecko.
The leopard gecko is moderately wounded.
The leopard gecko bites you.
* * * LOW HITPOINT WARNING * * *
You tentacle-slap the leopard gecko but do no damage.
Your grab misses the leopard gecko.
The leopard gecko is moderately wounded.
The leopard gecko bites you.
You die...

#.#...............
.#.#...............
...................
#.#........÷....###
#.#.#...........#
#.#.##.....#....#
#....>.........##
#.#....####....÷###
#l@#....# ###...##.
#..###..#####)..#..
#..# ##.........#..
#..# #.#####...#..
#..# .# #...##.
#... .# #...###
#... #...# # ##..
#...# # #...#


You could see a leopard gecko.

Vanquished Creatures
  A ball python (D:1)
  2 bats (D:1)
  A goblin (D:1)
  5 hobgoblins (D:1)
  2 jackals (D:1)
  A frilled lizard (D:1)
  A kobold (D:1)
  2 rats (D:1)
15 creatures vanquished.

Notes
Turn   | Place    | Note
-------+----------+-------------------------------------------
     0 | D:1      | aspa the Octopode Wizard began the quest for the Orb.
     0 | D:1      | Reached XP level 1. HP: 11/11 MP: 4/4
   128 | D:1      | Reached XP level 2. HP: 17/17 MP: 3/6
   132 | D:1      | Learned a level 2 spell: Call Imp
   428 | D:1      | Slain by a leopard gecko

Vault maps used:
D:1:      minmay_arrival_split_and_join
D:2:      minmay_misc_feat_doors, uniq_terence

Action                   || total
-------------------------++-------
Melee: Unarmed           ||    19
       Constrict         ||     3
       Tentacles         ||     2
 Cast: Magic Dart        ||    25
Dodge: Dodged            ||    15
